Map: Data-C

Players

Raza

  • Race: Terran Terran
  • Spawn Location: 3:00

GungFuBanDa - Winner!

  • Race: Protoss Protoss
  • Spawn Location: 9:00

Event: DreamHack SC2 Masters 2022 Atlanta (Offline)

VOD

Have the link to the VOD?

Description

Time

  • Played on: Nov. 18, 2022, 9:54 a.m.
  • Length: 9:48

All games in this series

Show
View Real Time Build Order
Export as new Build Order

Raza Terran 

Build Orders:  

Get SALT Encoding   

  12  0:00  SCV  
  13  0:12  SCV  
  14  0:17  Supply Depot  
  14  0:24  SCV  
  15  0:38  SCV  
  15  0:39  Barracks  
  16  0:45  Refinery  
  16  0:50  SCV  
  17  1:03  SCV  
  18  1:11  Supply Depot  
  18  1:15  SCV  
  19  1:27  Orbital Command, Marine  
  20  1:51  Command Center  
  20  1:53  SCV  
  21  2:03  Factory  
  21  2:05  Barracks Reactor  
  21  2:09  SCV  
  22  2:21  SCV  
  23  2:33  SCV  
  24  2:38  Refinery  
  24  2:45  SCV  
  24  2:49  Starport  
  25  2:53  Hellion x2  
  25  2:55  Supply Depot  
  25  2:58  SCV  
  30  3:04  Orbital Command  
  30  3:10  SCV  
  31  3:14  Widow Mine x2  
  35  3:22  SCV  
  35  3:26  Medivac  
  38  3:29  SCV  
  38  3:30  Supply Depot  
  39  3:34  SCV  
  39  3:36  Widow Mine x2  
  44  3:42  SCV  
  44  3:46  SCV  
  46  3:52  Armory  
  46  3:54  Supply Depot, SCV  
  47  4:00  Widow Mine  
  47  4:01  Widow Mine  
  51  4:04  SCV  
  51  4:09  Bunker  
  52  4:10  Supply Depot  
  52  4:16  Barracks  
  52  4:17  Medivac  
  52  4:19  SCV  
  52  4:20  SCV  
  52  4:23  Widow Mine  
  58  4:28  Widow Mine  
  60  4:31  SCV  
  60  4:32  SCV  
  60  4:33  Barracks Tech Lab  
  60  4:36  Supply Depot  
  62  4:43  SCV  
  62  4:59  SCV  
  56  5:01  Refinery  
  56  5:02  Engineering Bay, SCV  
  56  5:04  Barracks, Marine x2  
  56  5:05  Siege Tank  
  56  5:06  Barracks Tech Lab  
  60  5:15  SCV, Starport Tech Lab  
  60  5:18  Supply Depot, Refinery  
  60  5:19  SCV  
  62  5:22  Marine  
  62  5:24  Marine x2  
  62  5:27  SCV  
  66  5:31  SCV  
  67  5:42  SCV  
  68  5:43  Marine x2  
  68  5:44  Marauder, Siege Tank  
  68  5:46  SCV  
  71  6:00  SCV  
  63  6:09  Marine x2  
  63  6:10  Marauder  
  62  6:12  SCV  
  62  6:13  SCV  
  62  6:24  SCV  
  61  6:31  Stimpack, Starport Reactor  
  61  6:32  Marauder, Marine x2  
  63  6:33  SCV  
  63  6:34  Terran Infantry Weapons Level 1  
  63  6:37  SCV, Factory Reactor  
  67  6:40  Combat Shield, Marauder  
  67  6:46  SCV  
  70  6:49  SCV  
  70  6:50  Marine x2  
  73  6:57  Supply Depot, Marauder  
  73  6:58  SCV  
  73  6:59  Supply Depot  
  73  7:01  SCV  
  77  7:02  Marauder  
  79  7:08  Medivac  
  79  7:09  Medivac  
  79  7:15  Widow Mine x2  
  84  7:21  Marine  
  84  7:22  Marauder, Marine  
  86  7:29  Marauder  
  88  7:30  SCV x2  
  88  7:36  Command Center  
  88  7:37  Widow Mine x2  
  93  7:39  Marine  
  93  7:42  Marine  
  93  7:43  Medivac, Marauder  
  99  7:46  Medivac  
  99  7:48  SCV  
  99  7:50  Supply Depot  
  102  7:51  Supply Depot, SCV  
  102  7:55  Marauder  
  102  7:57  Marine  
  106  8:00  Marine  
  107  8:07  Marauder  
  107  8:08  Widow Mine x2  
  107  8:09  SCV x2  
  115  8:13  Medivac  
  115  8:15  Marine  
  115  8:17  Medivac  
  120  8:27  Marauder, Marine  
  120  8:31  Marauder  
  120  8:33  Widow Mine x2  
  129  8:37  Supply Depot  
  129  8:40  Marine  
  130  8:48  Marauder  
  130  8:52  Marine  
  130  8:53  Marauder  
  135  8:58  Marine  
  131  9:09  Marine  
  132  9:14  Marauder, Marine  
  132  9:16  Marine  
  136  9:21  Widow Mine  
Show
View Real Time Build Order
Export as new Build Order

GungFuBanDa Protoss - Winner!

Build Orders: 1 Gate Expand, Blink Stalkers 

Get SALT Encoding   

  12  0:00  Probe  
  13  0:12  Pylon  
  13  0:17  Probe (Chrono Boost)  
  14  0:29  Probe (Chrono Boost)  
  14  0:35  Gateway  
  15  0:37  Probe (Chrono Boost)  
  16  0:44  Probe  
  16  0:47  Assimilator  
  17  0:56  Probe  
  18  1:08  Probe  
  19  1:20  Probe  
  19  1:24  Cybernetics Core  
  20  1:34  Nexus  
  20  1:37  Probe  
  21  1:44  Pylon  
  21  1:49  Probe  
  21  1:52  Assimilator  
  22  2:00  Adept (Chrono Boost)  
  22  2:02  Probe  
  22  2:04  Warp Gate  
  25  2:14  Probe  
  26  2:23  Stalker  
  26  2:26  Probe (Chrono Boost)  
  29  2:38  Probe (Chrono Boost)  
  30  2:47  Twilight Council, Probe (Chrono Boost)  
  30  2:49  Probe (Chrono Boost)  
  32  2:52  Probe  
  32  2:53  Stalker  
  32  2:58  Probe  
  36  3:04  Probe  
  37  3:11  Probe  
  37  3:12  Gateway  
  38  3:18  Probe  
  39  3:20  Blink (Chrono Boost)  
  39  3:24  Probe  
  39  3:30  Probe  
  40  3:36  Robotics Facility, Probe  
  40  3:39  Pylon  
  41  3:42  Probe  
  41  3:48  Probe  
  43  3:53  Stalker  
  43  3:54  Probe  
  46  4:00  Probe, Assimilator  
  47  4:06  Probe  
  47  4:07  Stalker  
  50  4:12  Probe  
  50  4:14  Pylon  
  51  4:18  Probe  
  51  4:23  Nexus  
  52  4:24  Probe  
  52  4:25  Observer  
  52  4:30  Probe  
  54  4:33  Stalker x2  
  58  4:41  Observer  
  50  4:47  Probe  
  50  4:50  Observer  
  53  4:52  Probe  
  53  4:56  Pylon  
  53  4:58  Stalker  
  53  4:59  Probe (Chrono Boost), Stalker  
  58  5:05  Probe (Chrono Boost)  
  59  5:11  Probe (Chrono Boost)  
  61  5:15  Probe (Chrono Boost)  
  61  5:17  Probe (Chrono Boost)  
  61  5:18  Pylon  
  61  5:20  Gateway, Probe (Chrono Boost)  
  62  5:22  Gateway  
  62  5:23  Stalker  
  62  5:25  Observer  
  62  5:26  Stalker  
  67  5:29  Probe  
  67  5:31  Probe  
  67  5:35  Probe (Chrono Boost)  
  67  5:41  Probe (Chrono Boost)  
  62  5:47  Probe (Chrono Boost)  
  62  5:49  Probe (Chrono Boost)  
  63  5:51  Probe (Chrono Boost)  
  63  5:54  Probe (Chrono Boost)  
  63  5:56  Probe (Chrono Boost)  
  66  5:57  Probe (Chrono Boost)  
  67  6:08  Probe (Chrono Boost)  
  66  6:14  Charge, Probe (Chrono Boost)  
  66  6:16  Probe (Chrono Boost)  
  67  6:19  Probe (Chrono Boost)  
  67  6:23  Probe (Chrono Boost)  
  67  6:24  Probe (Chrono Boost)  
  64  6:25  Probe (Chrono Boost)  
  64  6:32  Gateway  
  64  6:34  Probe (Chrono Boost), Forge, Gateway  
  64  6:38  Probe (Chrono Boost)  
  64  6:39  Probe (Chrono Boost)  
  67  6:40  Probe (Chrono Boost)  
  67  6:44  Sentry x2, Robotics Bay  
  67  6:45  Probe (Chrono Boost)  
  73  6:52  Observer  
  73  6:53  Probe (Chrono Boost)  
  76  6:55  Immortal (Chrono Boost), Probe x2 (Chrono Boost)  
  76  6:59  Pylon  
  80  7:02  Probe  
  80  7:07  Observer  
  81  7:17  Protoss Ground Weapons Level 1 (Chrono Boost)  
  81  7:22  Probe  
  80  7:25  Gateway  
  80  7:27  Gateway x2  
  80  7:29  Gateway  
  80  7:30  Colossus (Chrono Boost)  
  80  7:32  Observer  
  86  7:37  Probe  
  86  7:38  Shield Battery  
  86  7:39  Pylon  
  86  7:41  Extended Thermal Lance  
  87  7:45  Zealot x4  
  87  7:48  Zealot x2  
  87  7:50  Pylon  
  99  8:07  Probe  
  99  8:08  Colossus (Chrono Boost)  
  99  8:11  Photon Cannon  
  106  8:13  Observer  
  106  8:14  Shield Battery  
  106  8:15  Pylon  
  106  8:17  Pylon  
  106  8:19  Zealot x4, Stalker  
  116  8:23  Assimilator, Pylon  
  116  8:29  Pylon  
  116  8:31  Pylon  
  116  8:33  Pylon  
  116  8:42  Shield Battery  
  116  8:44  Observer  
  116  8:47  Shield Battery  
  116  8:52  Colossus (Chrono Boost)  
  116  8:53  Zealot x6  
  128  8:58  Stalker  
  134  9:08  Zealot  
  134  9:09  Zealot x2  
  138  9:16  Templar Archives  
  138  9:18  Pylon  
  138  9:21  Pylon  
  138  9:26  Zealot x6  
Tags
 
Add a new tag
Caveats
  • Supply blocks, unpowered buildings, or Contaminate may cause inaccurate times.
  • Supply counts are checked every 10 seconds.